 Dungeon Crawl Stone Soup version 0.30-a0-578-gdee14c521f (webtiles) character file.

Game seed: 11452859238808037390

63 demibob the Poker (level 3, 0/29 HPs)
             Began as a Demonspawn Chaos Knight on Jan 1, 2023.
             Was a Plaything of Xom.
             Killed from afar by a raiju (shapeshifter) (12 damage)
             ... with a living lightning
             ... on level 2 of the Dungeon.
             The game lasted 00:02:13 (1314 turns).

demibob the Poker (Demonspawn Chaos Knight)         Turns: 1314, Time: 00:02:13

Health: 0/29       AC:  5    Str: 14    XL:     3   Next: 89%
Magic:  3/3        EV: 11    Int: 13    God:    Xom [..*...]
Gold:   125        SH:  0    Dex: 12    Spells: 2/2 levels left

rFire   . . .      SeeInvis .    a - +1 spear (chaos)
rCold   . . .      Faith    .    (no shield)
rNeg    . . .      Spirit   .    b - +2 leather armour
rPois   .          Reflect  .    (no helmet)
rElec   .          Harm     .    (no cloak)
rCorr   .          Rampage  .    (no gloves)
Will    .....                    (no boots)
Stlth   +                        (no amulet)
HPRegen 0.24/turn                (no ring)
MPRegen 0.08/turn                (no ring)

@: hasted, very quick
A: hooves 1
a: Renounce Religion


You were on level 2 of the Dungeon.
You worshipped Xom.
You were a toy of Xom.
You visited 1 branch of the dungeon, and saw 2 of its levels.

You collected 125 gold pieces.


Innate Abilities, Weirdness & Mutations

You have large cloven feet.


   Skills:
 - Level 3.0 Fighting
 + Level 4.4 Polearms
 - Level 1.7 Armour
 - Level 0.8 Dodging


You had 2 spell levels left.
You didn't know any spells.
Your spell library contained the following spells:

 Spells                   Type           Power      Damage    Failure   Level
 Summon Small Mammal      Summ           0%         N/A       36%         1
 Call Canine Familiar     Summ           0%         N/A       75%         3
 Ignite Poison            Fire/Tmut/Pois 0%         N/A       75%         3
 Kindle Blastsparks       Fire/Tloc/Air  0%         2d10      75%         3
 Summon Guardian Golem    Hex/Summ       0%         N/A       75%         3
 Freezing Cloud           Conj/Ice/Air   0%         6-21      100%        5

Inventory:

Hand Weapons
 a - a +1 spear of chaos (weapon)
Armour
 b - a +2 leather armour (worn)
 f - a +0 cloak
Jewellery
 N - a ring of positive energy
Scrolls
 d - a scroll of magic mapping
 e - 3 scrolls of identify {unknown}
 h - a scroll of teleportation {@r2}
 j - a scroll of silence {unknown}
Potions
 g - 2 potions of curing {@q1}
 i - a potion of berserk rage {unknown}
 k - a potion of haste {@q3}
Miscellaneous
 c - a piece from Xom's chessboard (15/15) (quivered)

Dungeon Overview and Level Annotations

Branches:
Dungeon (2/15)

Altars:

Shops:
D:1

[
#....^.)..................#
.....######<#..#.########.#
####.######.#†.#.# #.#
#....>......#.# #.#######
#.###########.# #.......#
####.### #.# #######.#
.....).# #.# #.# ####.#.#
#.# #.# .....#.# #@# #.#
####.#.####### #h# #.#
#.#.......# #.# #.#
#.#######.# #.# #.# #.# #.#
#.# #.# #.# #.# #.# #.# #.#
#.# #.# #.# #.#######.# #.#
#<# #.........# ### #.#


You could see a raiju shaped shifter.


Message History

You are poisoned.
The adder poisons you!
You barely miss the adder.
The adder is heavily wounded.
You feel sick. The adder barely misses you.
You barely miss the adder.
The adder is heavily wounded.
You feel sick. The adder bites you.
You hit the adder.
The adder changes into a shapeshifter!
Xom thinks this is hilarious!
Your kick misses the shapeshifter.
The shapeshifter is moderately wounded.
You feel sick.
The shapeshifter changes into a raiju!
You miss the raiju. Your kick misses the raiju.
You feel sick.
Unknown command.
Unknown command.
Unknown command.
Enter note: bruh It was a potion of haste.
You feel yourself speed up.
You feel sick.
You are no longer poisoned.
The raiju bites you.
* * * LOW HITPOINT WARNING * * *
The raiju shocks you!
* * * LOW HITPOINT WARNING * * *
It was a potion of curing.
You feel better.
Xom roars with laughter!
The raiju bursts into living lightning!
The living lightning hits you!
You die...
Xom chortles!

Skill      XL: |  1  2  3 |
---------------+----------+-----
Polearms       | 3 4 |  4.4
Fighting       | |  3.0
Armour         | |  1.7
Dodging        | |  0.8

Action                   || total
-------------------------++-------
Melee: Spear             ||   120
       Kick              ||    12
  Use: Scroll            ||     4
       Potion            ||     2
 Stab: Sleeping          ||     3
Armor: Leather armour    ||    22
Dodge: Dodged            ||    42

Levels and vault maps discovered:
D:1:      amcnicky_arrival_gap_in_the_tavern_cellar, layout_basic, serial_shops,
          shop
D:2:      layout_loops_ring, hellmonk_ecumenical_altar_heavens_door

Notes
Turn   | Place    | Note
-------+----------+-------------------------------------------
     0 | D:1      | demibob the Demonspawn Chaos Knight began the quest for the
                  | Orb.
     0 | D:1      | Reached XP level 1. HP: 18/18 MP: 1/1
    63 | D:1      | Reached skill level 3 in Polearms
   105 | D:1      | Gained mutation: You have large cloven feet. [demonic
                  | ancestry]
   105 | D:1      | Reached XP level 2. HP: 24/24 MP: 2/2
   223 | D:1      | Found Xiddeleo's Antique Armour Shop.
   228 | D:1      | XOM: silly message
   542 | D:1      | XOM: divination: detect creatures
   901 | D:2      | Reached XP level 3. HP: 29/29 MP: 3/3
   950 | D:2      | Reached skill level 4 in Polearms
  1021 | D:2      | XOM: noise
  1028 | D:2      | XOM: cloud trail
  1131 | D:2      | XOM: silly message
  1189 | D:2      | Found a faded altar of an unknown god.
  1311 | D:2      | an adder changed into a shapeshifter
  1311 | D:2      | Noticed a shapeshifter (shapeshifter)
  1311 | D:2      | a shapeshifter changed into a raiju
  1311 | D:2      | Noticed a raiju (shapeshifter)
  1313 | D:2      | >>bruh
  1314 | D:2      | Killed from afar by a raiju (shapeshifter)

Vanquished Creatures
  2 adders (D:2)
  A worm (D:2)
  A dart slug (D:2)
  4 ball pythons
  4 endoplasms
  3 giant cockroaches
  4 hobgoblins
  2 quokkas
  2 bats
  5 frilled lizards
  4 goblins
  3 kobolds
  8 rats
43 creatures vanquished.

Table legend: (Time is in decaauts)
 A = Elapsed time spent in this place.
 B = Non-inter-level travel time spent in this place.
 C = Inter-level travel time spent in this place.
 D = Time resting spent in this place.
 E = Time spent auto-exploring this place.
 F = Levels seen in this place.
 G = Mean time per level.
                   A        B        C        D        E       F      G
               +--------+--------+--------+--------+--------+-----+--------+
         Total |   1304 |   1286 |     18 |     15 |    997 |   2 |  652.0 |
       Dungeon |   1304 |   1286 |     18 |     15 |    997 |   2 |  652.0 |
               +--------+--------+--------+--------+--------+-----+--------+

Top non-repeatable levels by time:
     D:1: 837 daAuts
     D:2: 467 daAuts

Table legend:
 A = Non-vault XP
 B = Vault XP
 C = Vault XP percentage of total XP
 D = Non-vault monster count
 E = Vault monster count
 F = Vault count percentage of total count
                 A         B        C        D         E       F
            +---------+---------+-------+---------+---------+-------
      Total |      91 |       0 |   0.0 |      43 |       0 |   0.0
            +---------+---------+-------+---------+---------+-------
        D:1 |      31 |       0 |   0.0 |      23 |       0 |   0.0
        D:2 |      60 |       0 |   0.0 |      20 |       0 |   0.0
            +---------+---------+-------+---------+---------+-------
